 Dungeon Crawl Stone Soup version 0.30.0-30-g96aa6591b8 (webtiles) character file.

Game seed: 15107188640601940012

93 BreadTh the Insei (level 4, -1/33 HPs)
             Began as a Merfolk Transmuter on June 29, 2023.
             Slain by a gnoll
             ... wielding a +0 flail
             ... led by a gnoll bouda
              (4 damage)
             ... on level 3 of the Dungeon.
             The game lasted 00:07:55 (1282 turns).

BreadTh the Insei (Merfolk Transmuter)              Turns: 1282, Time: 00:07:56

Health: -1/33      AC:  5    Str: 14    XL:     4   Next: 62%
Magic:  6/7        EV: 12    Int: 12    God:
Gold:   118        SH:  0    Dex: 16    Spells: 3/7 levels left

rFire   . .          .
                       - Unarmed
rCold   . . .        (no shield)
rNeg    . . .        p - +1 leather armour of Exual {rElec Str+4 Slay+5}
rPois   .            (helmet currently unavailable)
rElec   +            (no cloak)
rCorr   .            i - +0 pair of gloves
SInv    .            (boots currently unavailable)
Will    .....        (no amulet)
Stlth   ++           (no ring)
HPRegen 0.25/turn    (no ring)
MPRegen 0.10/turn

%: no passive effects
@: appendages
A: horns 2, (nimble swimmer 2), mertail
a: End Transformation


You were on level 3 of the Dungeon.
You had temporarily grown beastly horns.
You visited 1 branch of the dungeon, and saw 3 of its levels.

You collected 118 gold pieces.

Inventory:

Hand Weapons
 k - a +1 mace of draining
 o - a +1 mace of protection
Missiles
 f - 3 poisoned darts
 h - 3 boomerangs
 m - 4 stones
Armour
 i - a +0 pair of gloves (worn)
 n - a +0 robe of willpower
 p - the +1 leather armour of Exual (worn) {rElec Str+4 Slay+5}
   (You found it on level 3 of the Dungeon)

   Str:       It affects your strength (+4).
   Slay:      It affects your accuracy & damage with ranged weapons and melee
   (+5).
   rElec:     It insulates you from electricity.
Scrolls
 c - a scroll of vulnerability {unknown}
 e - 2 scrolls of teleportation {unknown}
 g - a scroll of amnesia {unknown}
 j - a scroll of fear {unknown}
Potions
 b - a potion of lignification
 d - a potion of flight {unknown}
 l - a potion of degeneration {unknown}


   Skills:
 + Level 2.1 Fighting
 - Level 3.0 Dodging
 + Level 1.9 Stealth
 * Level 4.3 Unarmed Combat
 - Level 2.0 Spellcasting
 + Level 3.6 Transmutations


You had 3 spell levels left.
You knew the following spells:

 Your Spells              Type           Power      Damage    Failure   Level
a - Beastly Appendage     Tmut           18%        N/A       8%          1
b - Spider Form           Tmut/Pois      5%         N/A       45%         3

Your spell library contained the following spells:

 Spells                   Type           Power      Damage    Failure   Level
 Wereblood                Tmut           9%         N/A       12%         2
 Ice Form                 Ice/Tmut       5%         N/A       86%         4
 Olgreb's Toxic Radiance  Pois           1%         N/A       98%         4
 Discord                  Hex            0%         N/A       100%        8
 Ignition                 Fire           0%         3d3       100%        8


Dungeon Overview and Level Annotations

Branches:
Dungeon (3/15)

Altars:

Annotations:
D:2 !sigmund, Sigmund


Innate Abilities, Weirdness & Mutations

You have temporarily grown beastly horns.
((You are very nimble when in or above water. (Stealth+, EV+, Speed+++)))
Your lower body shifts to a powerful aquatic tail in water.


Message History

You punch the gnoll! You headbutt the gnoll.
The gnoll is almost dead.
An orc opens the door.
The gnoll hits you with a +0 spear.
You hit the gnoll.
You kill the gnoll!
You hit the rat.
You kill the rat!
You hit the orc.
The orc is almost dead.
The orc hits you but does no damage.
You hit the orc.
You kill the orc!
You closely miss the orc.
Your transformation is almost over.
The orc barely misses you.
You hit the orc but do no damage. You headbutt the orc!
You kill the orc!
Items here: ))) [ ††.
Okay, then.
You start resting.
Magic restored.
The gnoll hits you from afar with a +0 spear.
The gnoll hits you with a +0 spear.
You closely miss the gnoll. You headbutt the gnoll!
The gnoll is almost dead.
The gnoll hits you with a +0 spear.
You closely miss the gnoll.
The gnoll is almost dead.
Your horns disappear.
The gnoll barely misses you.
You closely miss the gnoll. The gnoll barely misses you.
The gnoll hits you from afar with a +0 spear.
Items here: ))) [ ††.
The gnoll attacks as you move away! The gnoll hits you with a +0 flail.
There is an open door here.
Casting: Beastly Appendage (safe; 8% risk of failure)
Confirm with . or Enter, or press ? or * to list all spells.
You grow a pair of large bovine horns.
The gnoll hits you with a +0 flail!
* * * LOW HITPOINT WARNING * * *
The gnoll attacks as you move away! The gnoll hits you with a +0 flail.
You die...

#.#.#.........####†#.#######
#.#)'#...8[......'..........
#.#.#.........####..........
#.###........###.#..........
#.##........#)...#.......... .
#.'...#'#...#....#.<........ ..
#.#####†##..#...##.......... ...
#.#.†#...##.#...##..........
....##.##......#@#.####.#.##.####
.......#########g######...# .#
.............g)g..†.....### #
####.##...#.######.......# #.
###..[#######....#.# #.
##.......####..#.## #.
#######..........# .# #.
######..#.####..#.#### #.
........>#g## .......


You could see 2 gnolls.

Vanquished Creatures
  Robin (D:2)
  A gnoll (D:3)
  An adder (D:2)
  2 worms
  6 orcs
  7 bats
  An endoplasm (D:1)
  3 giant cockroaches
  9 goblins
  6 hobgoblins
  3 kobolds
  A quokka (D:3)
  2 ball pythons
  A frilled lizard (D:1)
  5 rats
49 creatures vanquished.

Notes
Turn   | Place    | Note
-------+----------+-------------------------------------------
     0 | D:1      | BreadTh the Merfolk Transmuter began the quest for the Orb.
     0 | D:1      | Reached XP level 1. HP: 15/15 MP: 3/3
   272 | D:1      | Reached XP level 2. HP: 21/21 MP: 3/5
   769 | D:2      | Reached skill level 1 in Stealth
   784 | D:2      | Reached XP level 3. HP: 20/26 MP: 4/6
   813 | D:2      | Learned a level 3 spell: Spider Form
   830 | D:2      | Noticed Robin
   886 | D:2      | Killed Robin
   887 | D:2      | Reached skill level 4 in Unarmed Combat
   892 | D:2      | Reached XP level 4. HP: 16/33 MP: 4/7
   905 | D:2      | Noticed Sigmund
   982 | D:2      | Found a faded altar of an unknown god.
  1062 | D:3      | Identified the +1 leather armour of Exual {rElec Str+4
                  | Slay+5}
  1282 | D:3      | Slain by a gnoll

Illustrated notes

Levels and vault maps discovered:
D:1:      amcnicky_arrival_blooded_trapdoor, layout_basic
D:2:      layout_loops_ring, basic_ecumenical_altar, uniq_robin, uniq_sigmund
D:3:      layout_rooms, hangedman_glass_teeth, minivault_23, minmay_pentangle,
          uniq_jessica, uniq_terence

Skill      XL: |  1  2  3  4 |
---------------+-------------+-----
Dodging        | 3 |  3.0
Transmutations | 3 |  3.6
Stealth        | 1 |  1.9
Unarmed Combat | 4 |  4.3
Fighting       | 2 |  2.1
Spellcasting   | |  2.0

Action                     |  1- 3 |  4- 6 || total
---------------------------+-------+-------++-------
  Melee: Unarmed           |    82 |    55 ||   137
         Punch             |     4 |     1 ||     5
         Headbutt          |     7 |     7 ||    14
   Cast: Beastly Appendage |    15 |     8 ||    23
   Stab: Sleeping          |       |     3 ||     3
 Armour: Robe              |    18 |     4 ||    22
         Leather armour    |       |     7 ||     7
  Dodge: Dodged            |    55 |    33 ||    88
